 Dungeon Crawl Stone Soup version 0.30.1-4-g462c640d31 (webtiles) character file.

Game seed: 17670785873825717601

260466 safid the Cryomancer (level 19, -1/163 HPs)
             Began as a Merfolk Ice Elementalist on Aug 18, 2023.
             Was the Champion of Vehumet.
             Killed from afar by a starcursed mass (6 damage)
             ... with an accursed screaming
             ... on level 3 of the Abyss.
             The game lasted 02:17:20 (46320 turns).

safid the Cryomancer (Merfolk Ice Elementalist)    Turns: 46320, Time: 02:17:21

Health: -1/163     AC: 19    Str:  8    XL:     19   Next: 93%
Magic:  11/33      EV: 19    Int: 26    God:    Vehumet [******]
Gold:   1502       SH:  9    Dex: 14    Spells: 2/38 levels left

rFire   . . .        R - +8 mace "Koha" {heavy, Fragile rCorr SInv}
rCold   + + +        y - +3 buckler "Isic" {rElec rF- Will+ SInv}
rNeg    + + +        b - +2 robe {rC+ rF+}
rPois   +            m - +2 helmet {SInv}
rElec   +            F - +2 cloak
rCorr   +            n - +1 pair of gloves "Kuf Wicw" {Regen+}
SInv    +            D - +2 pair of boots of Xug Diru {rC+ rN+ Int+3 Dex+3}
Will    ++...        w - amulet of Fouq {+Blink rN++ Regen+ Dex-3}
Stlth   ++           v - ring of Quryso {rF+ rC+ rN+}
HPRegen 0.00/turn    t - +4 ring of protection
MPRegen 0.23/turn

%: clarity
@: sick, studying Air Magic, unable to drink
A: (nimble swimmer 2), mertail, clarity, poison resistance, heat vulnerability
1, inability to drink after injury 1, noise suppression
}: 2/15 runes: decaying, serpentine
a: Renounce Religion, Evoke Blink


You were on level 3 of the Abyss.
You worshipped Vehumet.
Vehumet was exalted by your worship.
You visited 7 branches of the dungeon, and saw 33 of its levels.
You visited the Abyss 1 time.
You also visited: Ossuary and Gauntlet.

You collected 5729 gold pieces.
You spent 4227 gold pieces at shops.

Inventory:

Hand Weapons
 J - a +9 demon blade of electrocution
 R - the +8 mace "Koha" (weapon) {heavy, Fragile rCorr SInv}
   (You found it on level 5 of the Lair of Beasts)

   SInv:      It lets you see invisible.
   rCorr:     It protects you from acid and corrosion.
   Fragile:   It will be destroyed if unequipped.
Missiles
 g - 6 curare-tipped darts
 j - 5 throwing nets
Armour
 b - a +2 robe of resistance (worn)
 m - a +2 helmet of see invisible (worn)
 n - the +1 pair of gloves "Kuf Wicw" (worn) {Regen+}
   (You bought it in a shop on level 7 of the Dungeon)

   Regen:     It increases your rate of health regeneration.
 y - the +3 buckler "Isic" (worn) {rElec rF- Will+ SInv}
   (You acquired it on level 2 of the Lair of Beasts)

   rF:        It makes you vulnerable to fire.
   rElec:     It insulates you from electricity.
   SInv:      It lets you see invisible.
   Will:      It increases your willpower.
 D - the +2 pair of boots of Xug Diru (worn) {rC+ rN+ Int+3 Dex+3}
   (You acquired it on level 2 of the Lair of Beasts)

   Int:       It affects your intelligence (+3).
   Dex:       It affects your dexterity (+3).
   rC:        It protects you from cold.
   rN:        It protects you from negative energy.
 F - a +2 cloak (worn)
Jewellery
 p - a ring of wizardry
 t - a +4 ring of protection (right hand)
 v - the ring of Quryso (left hand) {rF+ rC+ rN+}
   (You acquired it on level 2 of the Orcish Mines)

   [ring of positive energy]

   rF:        It protects you from fire.
   rC:        It protects you from cold.
   rN:        It protects you from negative energy.
 w - the amulet of Fouq (around neck) {+Blink rN++ Regen+ Dex-3}
   (You found it on level 5 of the Dungeon)

   [amulet of regeneration]

   Dex:       It affects your dexterity (-3).
   rN:        It greatly protects you from negative energy.
   +Blink:    It lets you blink.
   Regen:     It increases your rate of health regeneration.
 N - a ring of flight
Wands
 a - a wand of polymorph (15)
 d - a wand of charming (32)
 o - a wand of light (37)
 G - a wand of flame (102)
 K - a wand of iceblast (40)
 S - a wand of mindburst (36)
Scrolls
 c - 3 scrolls of fear (quivered)
 e - 9 scrolls of teleportation
 h - 7 scrolls of fog
 i - 5 scrolls of blinking
 k - a scroll of amnesia
 u - 3 scrolls of summoning
 A - 3 scrolls of immolation
 H - a scroll of poison
 I - a scroll of enchant armour
 L - 4 scrolls of silence
 U - 2 scrolls of magic mapping
Potions
 f - 3 potions of cancellation
 l - 5 potions of resistance
 q - 8 potions of haste
 r - 8 potions of might
 x - 8 potions of curing
 z - a potion of invisibility
 B - 3 potions of berserk rage
 C - 7 potions of flight
 E - 6 potions of mutation
 M - a potion of ambrosia
 P - 4 potions of brilliance
 T - 5 potions of lignification
Miscellaneous
 s - a condenser vane


   Skills:
 - Level 18.0 Fighting
 - Level 5.3 Long Blades
 - Level 16.0 Dodging
 - Level 2.1 Stealth
 - Level 8.0 Shields
 - Level 10.0 Spellcasting
 - Level 6.0 Conjurations
 - Level 12.0 Transmutations
 + Level 23.8 Ice Magic
 - Level 2.0 Air Magic
 - Level 8.0 Evocations


You had 2 spell levels left.
You knew the following spells:

 Your Spells              Type           Power      Damage    Failure   Level
a - Irradiate             Conj/Tmut      28%        3d21      1%          5
b - Frozen Ramparts       Ice            100%       1d16      0%          3
c - Ozocubu's Armour      Ice            95%        N/A       0%          3
d - Hailstorm             Conj/Ice       74%        3d15      1%          3
e - Ozocubu's Refrigerat  Ice            47%        4d18      1%          7
f - Polar Vortex          Ice            47%        N/A       11%         9
g - Freezing Cloud        Conj/Ice/Air   31%        6-21      1%          5
h - Freeze                Ice            100%       1d10      0%          1

Your spell library contained the following spells:

 Spells                   Type           Power      Damage    Failure   Level
 Ignition                 Fire           6%         3d4       100%        8
 Chain Lightning          Conj/Air       16%        3d22      100%        9
 Shatter                  Erth           6%         3d9*      100%        9
 Foxfire                  Conj/Fire      100%       2x1d9     1%          1
 Sandblast                Erth           26%        2d8       1%          1
 Shock                    Conj/Air       100%       1d9       1%          1
 Ensorcelled Hibernation  Hex/Ice        100%       N/A       1%          2
 Passwall                 Tmut/Erth      36%        N/A       1%          2
 Static Discharge         Conj/Air       66%        2-5/arc   1%          2
 Scorch                   Fire           26%        2d6       2%          2
 Necrotise                Necr           52%        1d6       6%          1
 Summon Small Mammal      Summ           52%        N/A       6%          1
 Lesser Beckoning         Tloc           26%        N/A       10%         2
 Dazzling Flash           Conj/Hex       56%        N/A       1%          3
 Stone Arrow              Conj/Erth      56%        3d10      1%          3
 Ice Form                 Ice/Tmut       82%        N/A       1%          4
 Summon Ice Beast         Ice/Summ       66%        N/A       1%          4
 Blade Hands              Tmut           33%        N/A       1%          5
 Yara's Violent Unravell  Hex/Tmut       22%        3d10      4%          5
 Volatile Blastmotes      Fire/Tloc      26%        2d12      5%          3
 Flame Wave               Conj/Fire      28%        2d9       5%          4
 Airstrike                Air            11%        2d(2-18)  8%          4
 Swiftness                Air            23%        N/A       9%          3
 Arcjolt                  Conj/Air       16%        1d26      10%         5
 Vhi's Electric Charge    Tloc/Air       36%        N/A       13%         3
 Fireball                 Conj/Fire      14%        3d8       13%         5
 Alistair's Intoxication  Tmut/Pois      29%        N/A       16%         5
 Call Canine Familiar     Summ           13%        N/A       19%         3
 Portal Projectile        Hex/Tloc       26%        N/A       19%         3
 Summon Guardian Golem    Hex/Summ       13%        N/A       19%         3
 Vampiric Draining        Necr           13%        2d6       19%         3
 Eringya's Noxious Bog    Tmut/Pois      22%        N/A       21%         6
 Summon Lightning Spire   Summ/Air       18%        N/A       38%         4
 Conjure Ball Lightning   Conj/Air       16%        3x3d6     41%         6
 Animate Armour           Summ/Erth      26%        N/A       54%         4
 Animate Dead             Necr           13%        N/A       54%         4
 Cause Fear               Hex            6%         N/A       54%         4
 Passage of Golubria      Tloc           13%        N/A       54%         4
 Iron Shot                Conj/Erth      14%        9d4       54%         6
 Starburst                Conj/Fire      14%        6d6       54%         6
 Plasma Beam              Fire/Air       9%         2x1d21    82%         6
 Agony                    Necr           13%        N/A       87%         5
 Borgnjor's Vile Clutch   Necr/Erth      6%         N/A       87%         5
 Summon Mana Viper        Hex/Summ       13%        N/A       87%         5
 Death Channel            Necr           6%         N/A       100%        6
 Summon Cactus Giant      Summ           6%         N/A       100%        6
 Discord                  Hex            6%         N/A       100%        8
 Disjunction              Tloc           6%         N/A       100%        8
 Lehudib's Crystal Spear  Conj/Erth      14%        10d5      100%        8


Dungeon Overview and Level Annotations

Branches:
Dungeon (15/15)            Temple (1/1) D:4            Lair (5/5) D:11
  Swamp (4/4) Lair:3        Snake (4/4) Lair:2        Slime (0/5) Lair:4
    Orc (2/2) D:12            Elf (0/3) Orc:2        Vaults (2/5) D:13
 Depths (0/4) D:15        Ossuary (visited)         Gauntlet (visited)
  Crypt: Vaults:2-3

Altars:
Ashenzari
Cheibriados
Dithmenos
Elyvilon
Fedhas
Gozag
Hepliaklqana
Kikubaaqudgha
Makhleb
Nemelex Xobeh
Okawaru
Qazlal
Ru
Sif Muna
Trog
Uskayaw
Vehumet
Wu Jian
Xom
Yredelemnul
Zin
The Shining One

Shops:
D:3 ((![*=   D:7 *   D:12 *   D:14 :   Orc:1 [   Orc:2 ?(::   Vaults:1 !

Portals:
Hell: Lair:5

Annotations:
D:5 3 runed translucent doors, wingedge's ghost, amateur DgEE
D:10 3 runed translucent doors, Mune's ghost, novice MiBe
Lair:1 exclusions: obsidian statue and oklob plant
Lair:2 exclusion: ice dragon
Lair:3 2 transporters, bronco's ghost, journeyman TeFE
Lair:4 3 runed translucent doors, Shake04's ghost, journeyman TrBe
Lair:5 3 runed translucent doors, Cheops's ghost, journeyman TrFi


Innate Abilities, Weirdness & Mutations

((You are very nimble when in or above water. (Stealth+, EV+, Speed+++)))
Your lower body shifts to a powerful aquatic tail in water.
You possess an exceptional clarity of mind.
Your system is resistant to poisons. (rPois)
You are vulnerable to heat. (rF-)
You occasionally lose the ability to drink potions when taking damage.
You passively dampen the noise of your surroundings.


Message History

You feel ill.
A spatial vortex comes into view.
Unknown command.
Casting: Ozocubu's Refrigeration (mildly dangerous; 1% risk of failure)
Confirm with . or Enter, or press ? or * to list all spells.
The heat is drained from your surroundings.
The mad acolyte of Lugonu is almost dead.
The tentacled monstrosity resists.
The tentacled monstrosity is lightly wounded.
The starcursed mass is lightly damaged.
The thrashing horror resists.
The thrashing horror is severely damaged.
The spatial vortex resists.
The spatial vortex is heavily damaged.
The great orb of eyes is moderately wounded.
The spatial maelstrom resists.
The spatial maelstrom is moderately damaged.
You destroy the ancient zyme!
Vehumet accepts your kill.
You feel your power returning.
The spatial vortex resists.
The spatial vortex is lightly damaged.
The great orb of eyes gazes at you. You resist with almost no effort.
You block the thrashing horror's attack. x2
The mad acolyte of Lugonu mumbles some strange words.
The mad acolyte of Lugonu flickers and vanishes for a moment.
The starcursed mass shrieks in your mind.
* * * LOW HITPOINT WARNING * * *
An efreet comes into view.
It is wielding a +3 scimitar of flaming.
A spatial vortex comes into view.
You block the thrashing horror's attack.
The thrashing horror barely misses you.
You block the spatial maelstrom's attack.
The spatial maelstrom hits you!
* * * LOW HITPOINT WARNING * * *
Space warps horribly around you!!
You feel threatened and lose the ability to drink potions!
* * * LOW HITPOINT WARNING * * *
The starcursed mass shrieks in your mind.
You die...

#.#. #..#....
..
##.###.#.#..# .
# #∩⌠.⌠#.....#
# ⌠'#######'⌠.#
. #
RG..#≈#v)####
.....†..v#
##... . . #
.....≈...#..#.#
#. .
..≈.≈.≈X≈v# .
.#.. #.≈≈≈@v# #
.# . . #.....##
. #≈.....≈ .
#..._..## . .
#≈....X≈ ..
##.....# . #
≈+###'≈ #
p##X#X## . # φ
#.


You could see a starcursed mass, a tentacled monstrosity, a spatial maelstrom, a
great orb of eyes, 3 spatial vortices, 2 thrashing horrors, a mad acolyte of
Lugonu (invisible) and an efreet (wandering).

Vanquished Creatures
  Mara (Snake:4)
  Vashnia (Snake:3)
  Saint Roka (Orc:2)
  Mlioglotl (Swamp:3)
  A tentacled monstrosity (Swamp:4)
  Asterion (Snake:1)
  Agnes (Snake:4)
  7 nagarajas
  Donald (Snake:3)
  A thorn hunter (Swamp:4)
  A fenstrider witch (Swamp:3)
  Aizul (Swamp:3)
  Louise (Snake:4)
  2 ironbound thunderhulks (Vaults:1)
  3 ironbound preservers (Vaults:1)
  A very ugly thing (Vaults:2)
  A stone giant (D:11)
  Nessos (Lair:3)
  6 eleionomae
  5 bunyips
  8 dire elephants (Vaults:1)
  A minotaur (Gauntlet)
  A great orb of eyes (Vaults:1)
  2 yaktaur captains
  3 shambling mangroves
  3 salamander tyrants (Snake:4)
  An ice dragon (Lair:2)
  2 ghost crabs
  22 hydras
  2 ironbound frosthearts (Vaults:1)
  Erica (D:9)
  4 catoblepae
  6 boulder beetles
  2 centaur warriors (D:13)
  9 alligators
  6 anacondas
  12 naga warriors
  3 tengu warriors (D:13)
  8 two-headed ogres
  8 death yaks
  An orc high priest (Orc:2)
  8 shock serpents
  27 naga sharpshooters
  4 thrashing horrors (Abyss:3)
  8 spriggans
  A sun demon (Lair:5)
  3 skeletal warriors (D:11)
  2 goliath frogs (Swamp:1)
  3 spriggan druids
  2 skysharks (Lair:5)
  4 salamander mystics
  12 swamp dragons
  11 deep trolls (Vaults:1)
  6 naga ritualists
  8 ironbound convokers (Vaults:1)
  4 wizards
  4 bog bodies
  8 lindwurms
  2 deep elf zephyrmancers
  4 deep elf pyromancers
  11 orc knights
  A necromancer (D:15)
  5 mana vipers
  9 ugly things
  3 orc sorcerers
  2 wolf spiders
  6 salamanders
  A moth of wrath (Gauntlet)
  4 manticores
  12 cyclopes
  3 will-o-the-wisps
  A worldbinder (Abyss:3)
  15 elephants
  6 vault sentinels
  20 slime creatures
  3 guardian serpents
  A smoke demon (Lair:5)
  12 naga magi
  2 ice statues
  A gargoyle (D:10)
  34 black mambas
  14 cane toads
  A centaur skeleton (D:15)
  Psyche (D:9)
  A kobold demonologist (D:12)
  An efreet (Gauntlet)
  8 rime drakes
  10 komodo dragons
  10 yaktaurs
  4 ice devils (Lair:5)
  16 tyrant leeches
  4 ancient zymes (Abyss:3)
  2 red devils (Lair:5)
  11 trolls
  6 polar bears
  A wolf spider simulacrum (D:15)
  2 bloated husks
  Prince Ribbit (D:6)
  13 blink frogs
  2 large abominations (Abyss:3)
  5 raiju (Abyss:3)
  3 saltlings (Orc:2)
  18 hornets
  5 small abominations (Abyss:3)
  A centaur simulacrum (D:15)
  10 wyverns
  58 yaks
  2 vampires
  5 wraiths
  4 hogs (D:15)
  6 basilisks
  A fire elemental (Gauntlet)
  24 vampire mosquitoes
  A steam dragon (D:10)
  2 neqoxecs (Abyss:3)
  2 wargs
  44 nagas
  Edmund (D:5)
  7 swamp worms
  2 acid dragons (D:11)
  17 water moccasins
  5 hell hounds
  A meliai simulacrum (D:15)
  7 ice beasts
  11 swamp drakes
  4 sky beasts
  14 orc warriors
  5 black bears
  4 ogres
  4 centaurs
  16 wolves
  5 phantoms
  An elf zombie (Ossuary)
  A kobold brigand (D:8)
  9 bullfrogs
  A gnoll sergeant (D:8)
  5 scorpions
  A troll zombie (D:12)
  3 wights (D:8)
  14 killer bees
  6 howler monkeys
  3 human zombies (Ossuary)
  5 centaur zombies
  A hound (D:5)
  2 jellies (D:6)
  A sleepcap (D:6)
  2 gnoll boudas (D:9)
  12 orc priests
  5 starcursed masses (Abyss:3)
  3 iguanas
  12 human skeletons (Vaults:1)
  18 orc wizards
  4 hell rats (Lair:4)
  5 ogre zombies (D:12)
  2 mummies (Ossuary)
  13 gnolls
  6 adders
  2 white imps (D:6)
  2 adder zombies (Ossuary)
  A dart slug (D:1)
  3 worms
  51 orcs
  3 bats
  6 endoplasms
  3 giant cockroaches
  7 goblins
  10 hobgoblins
  2 jackals (D:4)
  2 quokkas (D:3)
  7 ball pythons
  2 frilled lizards
  4 goblin skeletons (D:12)
  3 goblin zombies
  A hobgoblin skeleton (D:12)
  14 hobgoblin zombies
  11 kobolds
  8 kobold zombies (Ossuary)
  An orc skeleton (D:12)
  15 orc zombies
  4 rats
  A rat zombie (Ossuary)
1116 creatures vanquished.

Vanquished Creatures (others)
  An eldritch tentacle (Abyss:3)
  Kirke (D:15)
  A merfolk avatar (Abyss:3)
  2 bloated husks (Swamp:4)
  3 humans (D:15)
  An orc priest (D:15)
  A butterfly (D:12)
  4 foxfires (Swamp:3)
14 creatures vanquished.

Grand Total: 1130 creatures vanquished

Notes
Turn   | Place    | Note
-------+----------+-------------------------------------------
     0 | D:1      | safid the Merfolk Ice Elementalist began the quest for the
                  | Orb.
     0 | D:1      | Reached XP level 1. HP: 13/13 MP: 3/3
   205 | D:1      | Reached XP level 2. HP: 18/20 MP: 3/5
   276 | D:1      | Reached skill level 1 in Fighting
   619 | D:1      | Reached XP level 3. HP: 13/26 MP: 4/6
   695 | D:1      | Learned a level 3 spell: Frozen Ramparts
  1085 | D:2      | You fall into a shaft and drop 2 floors!
  1331 | D:3      | Learned a level 3 spell: Ozocubu's Armour
  1401 | D:3      | Found Zin's Purification Station.
  1403 | D:3      | Found a glowing silver altar of Zin.
  1538 | D:2      | Reached skill level 5 in Ice Magic
  1538 | D:2      | Reached XP level 4. HP: 26/33 MP: 8/8
  2123 | D:3      | Found Yqebbet's Weapon Shoppe.
  2161 | D:3      | Found Culeomow's Antique Armour Emporium.
  2174 | D:3      | Found Kedylask's Distillery.
  2182 | D:3      | Bought a potion of degeneration for 13 gold pieces
  2182 | D:3      | Bought a potion of heal wounds for 65 gold pieces
  2223 | D:3      | Found Cesef's Antique Weapon Shop.
  2439 | D:3      | Found Jerasm's Jewellery Emporium.
  2593 | D:4      | Noticed a phantom
  2630 | D:4      | Killed a phantom
  2631 | D:4      | Reached XP level 5. HP: 17/41 MP: 9/9
  2748 | D:4      | Reached XP level 6. HP: 31/47 MP: 4/11
  2833 | D:4      | Found a staircase to the Ecumenical Temple.
  2848 | Temple   | Entered the Ecumenical Temple
  2947 | Temple   | Became a worshipper of Vehumet
  3022 | D:4      | Found a shimmering altar of Xom.
  3138 | D:4      | Found a basalt altar of Yredelemnul.
  3215 | D:5      | Entered Level 5 of the Dungeon
  3396 | D:5      | Noticed a black bear
  3402 | D:5      | Identified the amulet of Fouq {+Blink rN++ Regen+ Dex-3}
  3410 | D:5      | Killed a black bear
  3493 | D:5      | Found a sand-covered staircase.
  3498 | Ossuary  | Entered an ossuary
  3521 | Ossuary  | Reached XP level 7. HP: 53/53 MP: 6/12
  3676 | Ossuary  | Reached skill level 6 in Ice Magic
  3697 | Ossuary  | Reached * piety under Vehumet
  3697 | Ossuary  | Offered knowledge of Magic Dart by Vehumet.
  3863 | Ossuary  | Reached skill level 5 in Dodging
  4090 | D:5      | Noticed Edmund
  4105 | D:5      | Killed Edmund
  4106 | D:5      | Reached XP level 8. HP: 50/61 MP: 5/14
  4392 | D:5      | Reached skill level 5 in Fighting
  4479 | D:5      | Reached skill level 7 in Ice Magic
  4479 | D:5      | Reached skill level 1 in Evocations
  4614 | D:5      | Found a runed translucent gate.
  4614 | D:5      | Found a runed translucent gate.
  4615 | D:5      | Found a runed translucent gate.
  4616 | D:5      | Noticed wingedge's ghost (amateur DgEE)
  5140 | D:6      | Reached skill level 5 in Spellcasting
  5140 | D:6      | Reached ** piety under Vehumet
  5140 | D:6      | Offered knowledge of Momentum Strike by Vehumet.
  5247 | D:6      | Noticed Prince Ribbit
  5263 | D:6      | Killed Prince Ribbit
  5443 | D:6      | Reached XP level 9. HP: 67/69 MP: 10/17
  5788 | D:6      | Found a broken altar of Ashenzari.
  6254 | D:7      | Reached skill level 8 in Ice Magic
  6260 | D:7      | Offered knowledge of Hailstorm by Vehumet.
  6265 | D:7      | Learned a level 3 spell: Hailstorm
  6385 | D:7      | Reached XP level 10. HP: 71/79 MP: 14/19
  6553 | D:7      | Found Gozag's Platinum Reserve.
  6557 | D:7      | Found an opulent altar of Gozag.
  7355 | D:8      | Reached skill level 9 in Ice Magic
  7414 | D:8      | Reached *** piety under Vehumet
  7445 | D:8      | Reached skill level 5 in Evocations
  8195 | D:8      | Offered knowledge of Volatile Blastmotes by Vehumet.
  8346 | D:9      | Noticed Psyche
  8359 | D:9      | Noticed a two-headed ogre
  8380 | D:9      | Killed a two-headed ogre
  8442 | D:9      | Killed Psyche
  8443 | D:9      | Reached XP level 11. HP: 87/87 MP: 17/22
  8479 | D:9      | Reached skill level 10 in Dodging
  8542 | D:9      | Noticed a two-headed ogre
  8558 | D:9      | Killed a two-headed ogre
  8822 | D:9      | Reached skill level 10 in Ice Magic
  9176 | D:9      | Reached **** piety under Vehumet
  9265 | D:9      | Noticed Erica
  9275 | D:9      | Killed Erica
  9549 | D:9      | Offered knowledge of Dazzling Flash by Vehumet.
  9604 | D:9      | Noticed a deep elf zephyrmancer
  9616 | D:9      | Killed a deep elf zephyrmancer
  9666 | D:10     | Entered Level 10 of the Dungeon
  9819 | D:10     | Found a runed translucent gate.
  9819 | D:10     | Found a runed translucent gate.
  9819 | D:10     | Found a runed translucent gate.
  9822 | D:10     | Noticed Mune's ghost (novice MiBe)
 10109 | D:10     | Found a snail-covered altar of Cheibriados.
 10923 | D:10     | Identified the +6 plate armour of the Three of Pentacles
                  | {-Tele rF+++}
 11014 | D:11     | Identified the +1 robe of Masochism {rN+}
 11016 | D:11     | Noticed a skeletal warrior
 11016 | D:11     | Noticed a skeletal warrior
 11016 | D:11     | Noticed a skeletal warrior
 11199 | D:12     | Reached XP level 12. HP: 97/97 MP: 24/24
 11212 | D:12     | Reached skill level 10 in Fighting
 11235 | D:12     | Reached skill level 11 in Ice Magic
 11488 | D:12     | Found Irhatoen's General Store.
 11496 | D:12     | Bought a scroll of teleportation for 39 gold pieces
 11496 | D:12     | Bought a potion of heal wounds for 65 gold pieces
 11496 | D:12     | Bought a scroll of identify for 26 gold pieces
 11496 | D:12     | Bought a scroll of identify for 26 gold pieces
 11526 | D:12     | Found a white marble altar of Elyvilon.
 11533 | D:12     | Noticed a two-headed ogre
 11543 | D:12     | Killed a two-headed ogre
 11677 | D:12     | Found a staircase to the Orcish Mines.
 11804 | D:12     | Reached ***** piety under Vehumet
 11817 | D:12     | Offered knowledge of Irradiate by Vehumet.
 11830 | D:12     | Learned a level 5 spell: Irradiate
 11875 | D:12     | Reached skill level 1 in Transmutations
 11938 | D:12     | Noticed a two-headed ogre
 11949 | D:12     | Killed a two-headed ogre
 11950 | D:12     | Reached skill level 1 in Conjurations
 12444 | D:12     | Noticed a boulder beetle
 12461 | D:12     | Killed a boulder beetle
 12730 | D:11     | Found a staircase to the Lair.
 12734 | D:11     | Noticed a two-headed ogre
 12747 | D:11     | Killed a two-headed ogre
 12789 | Lair:1   | Entered Level 1 of the Lair of Beasts
 12851 | Lair:1   | Noticed a catoblepas
 12922 | Lair:1   | Killed a catoblepas
 13278 | Lair:1   | Reached skill level 5 in Transmutations
 13537 | Lair:1   | Reached skill level 12 in Ice Magic
 13633 | Lair:1   | Noticed a death yak
 13636 | Lair:1   | Noticed a death yak
 13638 | Lair:1   | Noticed a death yak
 13641 | Lair:1   | Noticed a death yak
 13642 | Lair:1   | Reached XP level 13. HP: 106/106 MP: 23/25
 14576 | Lair:2   | Noticed an ice dragon
 14832 | Lair:2   | Reached skill level 13 in Ice Magic
 14954 | Lair:2   | HP: 5/108 [naga/+0 scimitar (5)]
 14954 | Lair:2   | HP: 1/108 [constriction (4)]
 15043 | Lair:2   | Found a staircase to the Snake Pit.
 15803 | Lair:2   | Killed an ice dragon
 16076 | Lair:2   | Identified the staff of air "Ohamekh" {Drain rElec rC+
                  | Str+2 Dex+2}
 16081 | Lair:2   | Got the Writings on the Door
 16091 | Lair:2   | Got the Volume of Congealing Maleficia
 16276 | Lair:2   | Offered knowledge of Starburst by Vehumet.
 16319 | Lair:2   | Identified 5 scrolls of acquirement
 16336 | Lair:2   | Acquired 573 gold pieces
 16338 | Lair:2   | Acquired the +2 pair of boots of Xug Diru {rC+ rN+ Int+3
                  | Dex+3}
 16351 | Lair:2   | Acquired the +3 buckler "Isic" {rElec rF- Will+ SInv}
 16361 | Lair:2   | Acquired 652 gold pieces
 16363 | Lair:2   | Acquired 1209 gold pieces
 16447 | Lair:3   | Noticed Nessos
 16474 | Lair:3   | Killed Nessos
 16475 | Lair:3   | Reached skill level 1 in Shields
 16694 | Lair:3   | Found a transporter.
 16705 | Lair:3   | Noticed bronco's ghost (journeyman TeFE)
 16715 | Lair:3   | Found a transporter.
 16792 | Lair:3   | Reached XP level 14. HP: 113/116 MP: 20/26
 16889 | Lair:3   | Reached skill level 10 in Transmutations
 17080 | Lair:3   | Identified the +0 cloak "Tiotegy" {-Tele rElec Regen+ SInv}
 17293 | Lair:3   | Found a staircase to the Swamp.
 17709 | Lair:4   | Found a runed translucent gate.
 17710 | Lair:4   | Found a runed translucent gate.
 17711 | Lair:4   | Found a runed translucent gate.
 17712 | Lair:4   | Noticed Shake04's ghost (journeyman TrBe)
 17892 | Lair:4   | Reached skill level 14 in Ice Magic
 17960 | Lair:4   | Reached skill level 5 in Shields
 18229 | Lair:4   | Found a staircase to the Slime Pits.
 18416 | Lair:5   | Entered Level 5 of the Lair of Beasts
 18469 | Lair:5   | Found a runed translucent gate.
 18469 | Lair:5   | Found a runed translucent gate.
 18469 | Lair:5   | Found a runed translucent gate.
 18469 | Lair:5   | Noticed Cheops's ghost (journeyman TrFi)
 19731 | Lair:5   | Found a burning altar of Makhleb.
 19934 | Lair:5   | Offered knowledge of Ozocubu's Refrigeration by Vehumet.
 19935 | Lair:5   | Reached XP level 15. HP: 68/125 MP: 17/27
 19943 | Lair:5   | Learned a level 7 spell: Ozocubu's Refrigeration
 20089 | Lair:5   | Found a gateway to Hell.
 20173 | Lair:5   | Identified the +8 mace "Koha" {heavy, Fragile rCorr SInv}
 20387 | Lair:5   | Reached skill level 15 in Ice Magic
 20594 | Lair:5   | Identified the amulet "Beomerho" {Acrobat Harm Str+2}
 20760 | Orc:1    | Entered Level 1 of the Orcish Mines
 21217 | D:11     | Identified the +1 helmet of Resonance {Rampage}
 22290 | Orc:1    | Found Xoomuc's Antique Armour Shop.
 22411 | Orc:2    | Entered Level 2 of the Orcish Mines
 22411 | Orc:2    | Found a staircase to the Elven Halls.
 22446 | Orc:2    | Found a gate leading to a gauntlet.
 22455 | Gauntlet | Entered a Gauntlet
 22455 | Gauntlet | Found a transporter.
 22455 | Gauntlet | Found a transporter.
 22485 | Gauntlet | Found a transporter.
 22485 | Gauntlet | Found a transporter.
 22488 | Gauntlet | Found a transporter.
 22488 | Gauntlet | Found a transporter.
 22498 | Gauntlet | Found a transporter.
 22502 | Gauntlet | Found a transporter.
 22512 | Gauntlet | Found a transporter.
 22618 | Gauntlet | Found a transporter.
 22619 | Gauntlet | Found a transporter.
 22630 | Gauntlet | Found a transporter.
 23460 | Orc:2    | Reached skill level 15 in Fighting
 23469 | Orc:2    | Reached skill level 16 in Ice Magic
 23728 | Orc:2    | Found Xesu's Book Boutique.
 23746 | Orc:2    | Found Kisatif's Magic Scroll Shoppe.
 23748 | Orc:2    | Found Ceaseaf's Antique Weapon Shoppe.
 23758 | Orc:2    | Bought a scroll of magic mapping for 97 gold pieces
 23758 | Orc:2    | Bought a scroll of identify for 26 gold pieces
 23758 | Orc:2    | Bought a scroll of enchant armour for 97 gold pieces
 23758 | Orc:2    | Bought a scroll of fear for 52 gold pieces
 23758 | Orc:2    | Bought a scroll of acquirement for 676 gold pieces
 23758 | Orc:2    | Bought a scroll of teleportation for 39 gold pieces
 23765 | Orc:2    | Acquired the ring of Quryso {rF+ rC+ rN+}
 23810 | Orc:2    | Noticed Saint Roka
 23812 | Orc:2    | Offered knowledge of Freezing Cloud by Vehumet.
 23828 | Orc:2    | Gained mutation: You sometimes lose your temper in combat.
                  | [mutagenic glow]
 23832 | Orc:2    | Killed Saint Roka
 23842 | Orc:2    | Gained mutation: You are frail. (-10% HP) [mutagenic glow]
 23929 | Orc:2    | Lost mutation: You sometimes lose your temper in combat.
                  | [potion of mutation]
 23929 | Orc:2    | Lost mutation: You are frail. (-10% HP) [potion of
                  | mutation]
 23929 | Orc:2    | Gained mutation: Your movements are slightly less
                  | encumbered by armour. (ER -2) [potion of mutation]
 23929 | Orc:2    | Gained mutation: You are clumsy. (Dex -2) [potion of
                  | mutation]
 24325 | Orc:2    | Found Jorchooli's Book Shoppe.
 25059 | D:7      | Bought the +1 pair of gloves "Kuf Wicw" {Regen+} for 1650
                  | gold pieces
 25076 | D:7      | Learned a level 5 spell: Freezing Cloud
 25211 | D:13     | Found a gate to the Vaults.
 25642 | D:13     | Reached skill level 1 in Air Magic
 25772 | D:13     | Reached XP level 16. HP: 139/139 MP: 8/28
 26974 | D:14     | Found Camm's Book Shop.
 26982 | D:14     | Bought the Elucidation of Dislocated Freezing for 864 gold
                  | pieces
 27314 | D:15     | Entered Level 15 of the Dungeon
 27314 | D:15     | Found a sacrificial altar of Ru.
 27445 | D:15     | Noticed Kirke
 27455 | D:15     | Killed Kirke
 27465 | D:15     | Reached skill level 5 in Conjurations
 27962 | D:15     | Offered knowledge of Plasma Beam by Vehumet.
 27998 | D:15     | Found a staircase to the Depths.
 28255 | D:15     | Found a basalt altar of Yredelemnul.
 28531 | Swamp:1  | Entered Level 1 of the Swamp
 30246 | Swamp:2  | You fall into a shaft and drop 1 floor!
 30264 | Swamp:3  | Noticed Aizul
 30282 | Swamp:3  | Gained mutation: You are very clumsy. (Dex -4) [mutagenic
                  | glow]
 30286 | Swamp:3  | Killed Aizul
 30293 | Swamp:3  | Noticed Mlioglotl
 31078 | Swamp:3  | Noticed a fenstrider witch
 31084 | Swamp:3  | Killed a fenstrider witch
 31312 | Swamp:3  | Reached XP level 17. HP: 147/147 MP: 9/30
 32263 | Swamp:4  | Entered Level 4 of the Swamp
 32273 | Swamp:4  | Reached ****** piety under Vehumet
 32503 | Swamp:4  | Reached skill level 17 in Ice Magic
 32915 | Swamp:4  | Noticed a tentacled monstrosity
 33024 | Swamp:4  | Killed a tentacled monstrosity
 33024 | Swamp:4  | Offered knowledge of Iskenderun's Battlesphere by Vehumet.
 33549 | Swamp:4  | Reached skill level 10 in Spellcasting
 33581 | Swamp:4  | Learned a level 9 spell: Polar Vortex
 34276 | Swamp:3  | Gained mutation: Your spells are a little easier to cast,
                  | but a little less powerful. [mutagenic glow]
 34282 | Swamp:3  | Killed Mlioglotl
 34305 | Swamp:2  | Gained mutation: You are weak. (Str -2) [mutagenic glow]
 35126 | Swamp:4  | Reached skill level 15 in Dodging
 35608 | Swamp:4  | Got a decaying rune of Zot
 35835 | Snake:1  | Entered Level 1 of the Snake Pit
 35935 | Snake:1  | Noticed Asterion
 35952 | Snake:1  | Killed Asterion
 36421 | Snake:1  | Reached skill level 18 in Ice Magic
 37224 | Snake:1  | Reached XP level 18. HP: 138/157 MP: 32/32
 38524 | Snake:2  | Offered knowledge of Maxwell's Capacitive Coupling by
                  | Vehumet.
 38525 | Snake:2  | Reached skill level 19 in Ice Magic
 39916 | Snake:3  | Noticed Donald
 39921 | Snake:3  | Killed Donald
 39999 | Snake:3  | Noticed Vashnia
 40035 | Snake:3  | Killed Vashnia
 40036 | Snake:3  | Reached skill level 20 in Ice Magic
 40705 | Snake:4  | Entered Level 4 of the Snake Pit
 41297 | Snake:4  | Noticed Agnes
 41297 | Snake:4  | Noticed Louise
 41305 | Snake:4  | Killed Agnes
 41307 | Snake:4  | Killed Louise
 41696 | Snake:4  | Noticed Mara
 41700 | Snake:4  | Reached skill level 21 in Ice Magic
 41704 | Snake:4  | Noticed safid's illusion
 41707 | Snake:4  | Killed Mara
 41877 | Snake:4  | Reached XP level 19. HP: 110/163 MP: 12/33
 42062 | Snake:4  | Offered knowledge of Shatter by Vehumet.
 42062 | Snake:4  | Offered knowledge of Chain Lightning by Vehumet.
 42062 | Snake:4  | Offered knowledge of Ignition by Vehumet.
 42300 | Snake:4  | Reached skill level 22 in Ice Magic
 43161 | Snake:4  | Got a serpentine rune of Zot
 43363 | Vaults:1 | Entered Level 1 of the Vaults
 43854 | Vaults:1 | Reached skill level 1 in Long Blades
 44131 | Vaults:1 | Reached skill level 23 in Ice Magic
 44623 | Vaults:1 | Gained mutation: Your body sometimes deteriorates upon
                  | taking damage. [mutagenic glow]
 44686 | Vaults:1 | Lost mutation: You are weak. (Str -2) [potion of mutation]
 44686 | Vaults:1 | Lost mutation: Your movements are slightly less encumbered
                  | by armour. (ER -2) [potion of mutation]
 44686 | Vaults:1 | Lost mutation: Your spells are a little easier to cast, but
                  | a little less powerful. [potion of mutation]
 44686 | Vaults:1 | Gained mutation: You occasionally lose the ability to drink
                  | potions when taking damage. [potion of mutation]
 44686 | Vaults:1 | Gained mutation: Your spells are a little easier to cast,
                  | but a little less powerful. [potion of mutation]
 44687 | Vaults:1 | Lost mutation: You are very clumsy. (Dex -4) [potion of
                  | mutation]
 44687 | Vaults:1 | Lost mutation: Your spells are a little easier to cast, but
                  | a little less powerful. [potion of mutation]
 44687 | Vaults:1 | Gained mutation: You possess an exceptional clarity of
                  | mind. [potion of mutation]
 44687 | Vaults:1 | Gained mutation: You are vulnerable to heat. (rF-) [potion
                  | of mutation]
 44688 | Vaults:1 | Lost mutation: You occasionally lose the ability to drink
                  | potions when taking damage. [potion of mutation]
 44688 | Vaults:1 | Lost mutation: Your body sometimes deteriorates upon taking
                  | damage. [potion of mutation]
 44688 | Vaults:1 | Lost mutation: You are clumsy. (Dex -2) [potion of
                  | mutation]
 44688 | Vaults:1 | Gained mutation: Your system is resistant to poisons.
                  | (rPois) [potion of mutation]
 44688 | Vaults:1 | Gained mutation: You passively dampen the noise of your
                  | surroundings. [potion of mutation]
 45382 | Vaults:1 | Reached skill level 5 in Long Blades
 45805 | Vaults:1 | Found Zur Mogi's Distillery.
 45813 | Vaults:1 | Bought a potion of mutation for 96 gold pieces
 45813 | Vaults:1 | Bought a potion of haste for 120 gold pieces
 45813 | Vaults:1 | Bought a potion of resistance for 120 gold pieces
 45813 | Vaults:1 | Bought a potion of curing for 36 gold pieces
 45813 | Vaults:1 | Bought a potion of haste for 120 gold pieces
 45930 | Abyss:3  | Cast into level 3 of the Abyss (a wizard)
 46189 | Abyss:3  | Gained mutation: You occasionally lose the ability to drink
                  | potions when taking damage. [a neqoxec]
 46200 | Abyss:3  | Found a corrupted altar of Lugonu.
 46317 | Abyss:3  | Found a corrupted altar of Lugonu.
 46317 | Abyss:3  | Noticed a tentacled monstrosity
 46320 | Abyss:3  | HP: 5/163 [spatial maelstrom (23)]
 46320 | Abyss:3  | Killed from afar by a starcursed mass

Illustrated notes

Levels and vault maps discovered:
D:1:      minmay_arrival_five_plusses, layout_loops_ring, minivault_24
D:2:      layout_loops_ring
D:3:      layout_basic, zin_purify, serial_shops, nicolae_square_shop, shop,
          nicolae_shop_pleasant_corner_grove, nicolae_shop_industrial_runoff,
          nicolae_square_shop
D:4:      layout_rooms, lemuel_doored_altar, old_standard_altar,
          minmay_temple_entry_offerings
D:5:      layout_cave_pods, gammafunk_ghost_nasty_kobolds, enter_ossuary_5,
          uniq_edmund
D:6:      layout_basic, evilmike_ruin_ashenzari, uniq_prince_ribbit1
D:7:      layout_loops_corners, nicolae_gozag_zags_fifth_avenue
D:8:      layout_basic, serial_curves, eino_curves_03, eino_curves_02,
          columned_hall_lemuel
D:9:      layout_gridville, guppyfry_early_elven_hall, uniq_psyche, uniq_erica
D:10:     layout_basic, amcnicky_altar_gilded, biasface_ghost_orc_armoury
D:11:     layout_loops_corners, lair_entry_dummy, kennysheep_just_a_vault
D:12:     layout_irregular_city, zombieorc1_lemuel, serial_shops, shop,
          nicolae_elyvilon_peaceful_grove
D:13:     layout_long_grid, david_vaults_2, minmay_checkerbox
D:14:     layout_stronghold, serial_shops, shop, serial_park_paths
          [serial_park_minivault_5x5_8]
D:15:     grunt_enter_depths_magical_seal, layout_gridville,
          hangedman_feature_mirror, uniq_kirke
Temple:   lightli_temple_of_artemis
Lair:1:   statuecave_lemuel, layout_cave_pods, grunt_megastairs_3
Lair:2:   layout_chaotic_city, guppyfry_snake_entry_garden, ice2_lemuel,
          grunt_megastairs_5, serial_bayou_shore_a
Lair:3:   layout_small_grid, minmay_swamp_entry_worms,
          gammafunk_ghost_berserking_beasts, eino_small_chamber_without_monster,
          wad_woods_road_06, grunt_megastairs_2, lemuel_fruit_tree, uniq_nessos
Lair:4:   layout_loops_ring, dpeg_slime_entry_enclosed, gammafunk_ghost_split
Lair:5:   evil_forest, layout_regular_city, gammafunk_ghost_necromancy,
          minmay_lindwurm_lava
Swamp:1:  nicolae_swamp_tree_isthmus, layout_falls_marsh,
          evilmike_swamp_ruin_house_5, infiniplex_staircase_pool_2
Swamp:2:  layout_basic_swamp, nicolae_swamp_bean_lake, swamp_pool3,
          nicolae_swamp_bloodsuckers_inc
Swamp:3:  layout_basic_swamp, nicolae_swamp_stair_fork, swamp_pool3,
          infiniplex_staircase_pool, uniq_aizul, uniq_mlioglotl
Swamp:4:  swamp, layout_basic_swamp, swamp_pool5, nicolae_swamp_super_fun_site
Snake:1:  layout_honeycomb, uniq_asterion
Snake:2:  layout_chambers
Snake:3:  layout_gridlike, nicolae_snake_single_loop, uniq_vashnia, uniq_donald
Snake:4:  johnstein_snake_rune_scales, layout_rooms, uniq_agnes, uniq_louise,
          uniq_mara
Orc:1:    layout_diamond_mine, serial_shops, nicolae_shop_back_alley_shop
Orc:2:    hellmonk_orc_salted, layout_caves, basic_altar,
          gauntlet_entry_generic, uniq_saint_roka
Vaults:1: v_misc_1, v_pattern_5, dpeg_vaults_monster_row,
          nicolae_vaults_twisting_passages, hangedman_vaults_nodes,
          nicolae_vaults_trapezoid_3, grunt_vaults_hallway_short,
          vaults_dpeg_spiral, vaults_room_hallway, layout_vaults_omnigrid,
          serial_shops, shop
Vaults:2: portal_desolation_entry_ruin, v_pattern_4,
          nicolae_vaults_storing_the_good_stuff, vaults_room_fancy_cross,
          vaults_dpeg_hooks, v_misc_2, ontoclasm_vaults_ring_small,
          ontoclasm_vaults_hangar, dpeg_vaults_monster_box,
          ontoclasm_vaults_shuriken, nicolae_vaults_little_squares_6,
          nicolae_vaults_diamond_1, v_misc_5, nicolae_vaults_network_square,
          nicolae_vaults_closet_pinwheel_1, layout_vaults_maze_bifur,
          uniq_xtahua
Abyss:3:  base: D:1, evilmike_abyss_rune_siren_acolytes

Skill      XL: |  1  2  3  4  5  6  7  8  9 10 11 12 13 14 15 16 17 18 19 |
---------------+----------------------------------------------------------+-----
Fighting       | 1 2 3 4 5 7 8 9 11 12 13 16 17 18 | 18.0
Ice Magic      | 5 6 7 8 9 10 12 13 14 16 18 21 23 | 23.8
Spellcasting   | 3 4 5 6 7 8 9 10 | 10.0
Dodging        | 3 4 5 6 8 9 11 12 13 15 16 | 16.0
Evocations     | 2 4 5 7 8 |  8.0
Transmutations | 5 9 12 | 12.0
Conjurations   | 3 4 6 |  6.0
Shields        | 2 6 7 8 |  8.0
Air Magic      | 1 2 |  2.0
Long Blades    | 5 |  5.3
Stealth        | |  2.1

Action                     |  1- 3 |  4- 6 |  7- 9 | 10-12 | 13-15 | 16-18 | 19-21 || total
---------------------------+-------+-------+-------+-------+-------+-------+-------++-------
  Melee: Unarmed           |    13 |       |       |       |       |       |       ||    13
         Dagger            |     7 |       |       |       |       |       |       ||     7
         Short sword       |    66 |   136 |   462 |   825 |   640 |       |       ||  2129
         Punch             |     2 |       |    11 |    12 |     4 |       |       ||    29
         Tailslap          |       |       |       |     1 |       |    19 |       ||    20
         Mace              |       |       |       |       |   154 |   574 |   301 ||  1029
   Cast: Freeze            |    18 |     3 |     3 |    33 |    72 |       |       ||   129
         Ozocubu's Armour  |       |     4 |    26 |    59 |    78 |    39 |    30 ||   236
         Frozen Ramparts   |       |     4 |    26 |    65 |    94 |    49 |    45 ||   283
         Hailstorm         |       |       |       |     5 |    23 |     1 |       ||    29
         Irradiate         |       |       |       |     3 |    47 |    79 |    34 ||   163
         Ozocubu's Refrige |       |       |       |       |    72 |   285 |    80 ||   437
  Evoke: Wand              |       |       |       |       |       |     1 |       ||     1
    Use: Potion            |     1 |     1 |       |     1 |     8 |    11 |     3 ||    25
         Scroll            |       |       |     6 |     3 |    23 |    25 |     6 ||    63
   Stab: Sleeping          |    10 |     4 |     1 |     2 |     1 |     2 |       ||    20
         Distracted        |       |     1 |       |       |       |       |       ||     1
         Invisible         |       |       |       |       |     1 |       |       ||     1
 Armour: Robe              |    15 |    29 |   191 |   346 |   467 |   586 |   315 ||  1949
  Dodge: Dodged            |    54 |    95 |   335 |   733 |   907 |   909 |   542 ||  3575
  Block: Buckler           |       |       |       |       |   318 |   510 |   298 ||  1126
